 Dungeon Crawl Stone Soup version 0.21.1-1-g345015f (webtiles) character file.

175 Iko the Shield-Bearer (level 5, -2/43 HPs)
             Began as a Formicid Fighter on May 8, 2018.
             Slain by an ice beast (7 damage)
             ... on level 5 of the Dungeon.
             The game lasted 00:09:14 (480 turns).

Iko the Shield-Bearer (Formicid Fighter)             Turns: 480, Time: 00:09:14

Health: -2/43      AC: 13    Str: 21      XL:     5   Next: 85%
Magic:  5/5        EV:  6    Int:  8 (10) God:
Gold:   66         SH: 10    Dex: 10      Spells: 4/4 levels left

rFire    . . .     SeeInvis +   d - +2 long sword (elec)
rCold    . . .     Gourm    .   c - +0 shield
rNeg     . . .     Faith    .   e - +1 chain mail
rPois    .         Spirit   .   (helmet unavailable)
rElec    .         Reflect  .   (no cloak)
rCorr    .         Harm     .   (no gloves)
MR       .....                  (no boots)
Stlth    ..........             (no amulet)
HPRegen  0.14/turn              b - ring of wizardry
MPRegen  0.09/turn              (no ring)

@: no status effects
A: permanent stasis, dig shafts and tunnels, four strong arms, antennae 3,
iridescent scales 1, rugged brown scales 1, clever 1
a: Dig, Shaft Self


You were on level 5 of the Dungeon.
You were not hungry.

You visited 1 branch of the dungeon, and saw 5 of its levels.

You collected 66 gold pieces.

Inventory:

Hand Weapons
 d - a +2 long sword of electrocution (weapon)
Missiles
 g - 5 tomahawks (quivered)
Armour
 c - a +0 shield (worn)
 e - a +1 chain mail (worn)
Jewellery
 b - a ring of wizardry (left hand)
Potions
 h - a potion of invisibility
Comestibles
 f - a ration


   Skills:
 + Level 4.1 Fighting
 + Level 0.2 Long Blades
   Level 3.1 Staves
 + Level 4.3 Armour
 + Level 0.2 Dodging
 + Level 0.1 Stealth
 + Level 4.9 Shields


You had 4 spell levels left.
You didn't know any spells.

Dungeon Overview and Level Annotations

Branches:
Dungeon (5/15)
 Temple: D:4-7

Altars:


Innate Abilities, Weirdness & Mutations

You cannot be hasted, slowed, berserked, paralysed or teleported.
You can dig through walls and to a lower floor.
Your four strong arms can wield two-handed weapons with a shield.
You have a pair of large antennae on your head. (SInv)
You are partially covered in iridescent scales. (AC +2)
You are partially covered in rugged brown scales. (AC +1, +3% HP)
Your mind is acute. (Int +2)


Message History

You block the ice beast's attack.
You closely miss the ice beast.
The ice beast is severely wounded.
The ice beast hits you but does no damage. x2
You hit the ice beast but do no damage.
The ice beast is severely wounded.
The ice beast hits you but does no damage.
You barely miss the ice beast.
The ice beast is heavily wounded.
The ice beast hits you but does no damage.
Your chain mail prevents you from hitting the ice beast.
The ice beast is heavily wounded.
The ice beast barely misses you.
The ice beast hits you but does no damage.
You barely miss the ice beast.
The ice beast is heavily wounded.
The ice beast hits you.
* * * LOW HITPOINT WARNING * * *
The ice beast freezes you!
You die...

* *,* *,,* * *,* *#.*
****************
****,*******#.#***,,,,,,,,,,,,,,,
,,,,,,,,,,,,,..,,,,,,,>,,,,,,,,,,
*************#.###,,*************
* ***** *....,,****_***_**** *
*,,,* *#..#,,**8,,,8,,,8** *
*,,,* #.Y#*,**,,,,,,,,,** * *,,,*
#.@#*,*>,,,,,,,,,8* *
*<,,*######..#****,,,,,,,,,** *
*,,,+........# ***8,,,8,,,8** *
*,,,*#######.## ***_***_****
*****,,,*#........# ###*** *** *
,,,,,,,,,#.#####..###.# *
,,,,,,,,,,,,,,*#...##.######
,,,,,,,,,,,,,,*#.#.#<......#
,,,,,,,,{,,,,,*#.#..#.####.#


You could see an ice beast.

Vanquished Creatures
  The ghost of Tiareth the Skirmisher, an amateur DEFi (D:3)
  A jelly (D:5)
  2 adders
  A worm (D:3)
  A dart slug (D:1)
  An orc (D:3)
  2 giant cockroaches
  A hobgoblin (D:2)
  A bat (D:3)
  2 kobolds (D:3)
  2 rats
15 creatures vanquished.

Notes
Turn   | Place    | Note
-------+----------+-------------------------------------------
     0 | D:1      | Iko the Formicid Fighter began the quest for the Orb.
     0 | D:1      | Reached XP level 1. HP: 18/18 MP: 1/1
   157 | D:2      | Reached XP level 2. HP: 18/24 MP: 2/2
   256 | D:3      | Gained mutation: You are partially covered in iridescent scales. (AC +2) [potion of mutation]
   256 | D:3      | Gained mutation: You are partially covered in rugged brown scales. (AC +1, +3% HP) [potion of mutation]
   256 | D:3      | Gained mutation: Your mind is acute. (Int +2) [potion of mutation]
   300 | D:3      | Reached XP level 3. HP: 29/29 MP: 3/3
   319 | D:3      | Noticed Tiareth's ghost (amateur DEFi)
   332 | D:3      | Killed Tiareth's ghost
   332 | D:3      | Reached XP level 4. HP: 32/38 MP: 4/4
   332 | D:3      | Reached XP level 5. HP: 37/43 MP: 5/5
   436 | D:5      | Entered Level 5 of the Dungeon
   463 | D:5      | Noticed an ice beast
   480 | D:5      | Slain by an ice beast

Skill      XL: |  1  2  3 |
---------------+----------+-----
Shields        | 4 |  4.9
Fighting       | 4 |  4.1
Staves         | 3 |  3.1
Armour         | 4 |  4.3
Long Blades    | |  0.2
Dodging        | |  0.2
Stealth        | |  0.1

Action                   |  1- 3 |  4- 6 || total
-------------------------+-------+-------++-------
Melee: Quarterstaff      |    39 |     3 ||    42
       Long sword        |       |    18 ||    18
  Use: Scroll            |     6 |     1 ||     7
       Potion            |     3 |       ||     3
Armor: Chain mail        |    14 |    11 ||    25
       Scale mail        |     1 |       ||     1
Dodge: Dodged            |     4 |     2 ||     6
Block: Shield            |    21 |    10 ||    31
       Rpst.: Long sword |       |     1 ||     1
